 Dungeon Crawl Stone Soup version 0.31-a0-960-g0fca184906 (webtiles) character file.

Game seed: 10296812179107902929

578 Arzdou the Changeling (level 7, -3/45 HPs)
             Began as an Octopode Shapeshifter on Oct 22, 2023.
             Slain by a gnoll
             ... wielding a +0 halberd
             ... led by a gnoll bouda
              (6 damage)
             ... on level 4 of the Dungeon.
             The game lasted 00:06:06 (3032 turns).

Arzdou the Changeling (Octopode Shapeshifter)       Turns: 3032, Time: 00:06:07

Health: -3/45      AC:  1    Str: 16    XL:     7   Next: 35%
Magic:  7/7        EV:  7    Int: 12    God:
Gold:   222        SH:  0    Dex: 11    Spells: 4/6 levels left

rFire   . .          .
                       - Unarmed
rCold   . . .        (no shield)
rNeg    . . .        (helmet currently unavailable)
rPois   .            (no amulet)
rElec   .            (no ring)
rCorr   .            (no ring)
SInv    .            (no ring)
Will    .....        (no ring)
Stlth   ++           (no ring)
HPRegen 0.27/turn    (no ring)
MPRegen 0.10/turn    (no ring)
                     (no ring)

%: no passive effects
@: beast-form, held
A: beast (slay +4), almost no armour, amphibious, 8 rings, camouflage 1,
gelatinous body 1, (nimble swimmer 1), tentacles
a: Begin Untransformation


You were on level 4 of the Dungeon.
You were a hulking beast.
You visited 1 branch of the dungeon, and saw 4 of its levels.

You collected 222 gold pieces.

Inventory:

Talismans
 b - a beast talisman
 c - a flux talisman
Scrolls
 f - 3 scrolls of immolation
 g - 3 scrolls of identify
 h - a scroll of amnesia
 k - 2 scrolls of blinking {unknown}
 l - a scroll of acquirement {unknown}
 p - a scroll of fear
 q - a scroll of silence {unknown}
 s - 3 scrolls of noise {unknown}
 t - a scroll of vulnerability {unknown}
Potions
 a - a potion of lignification
 d - a potion of degeneration {unknown}
 e - 2 potions of attraction
 i - a potion of resistance {unknown}
 j - 3 potions of curing
 m - 2 potions of mutation {unknown}
 n - 2 potions of haste {unknown}
 o - a potion of berserk rage {unknown}
 r - a potion of enlightenment {unknown}


   Skills:
 + Level 2.4 Fighting
 - Level 2.0 Dodging
 + Level 3.8 Unarmed Combat
 - Level 7.0 Shapeshifting


You had 4 spell levels left.
You knew the following spells:

 Your Spells              Type           Power      Damage    Failure   Level
a - Blink                 Tloc           0%         N/A       45%         2

Your spell library contained the following spells:

 Spells                   Type           Power      Damage    Failure   Level
 Slow                     Hex            0%         N/A       32%         1
 Cigotuvi's Dreadful Rot  Necr/Pois/Air  0%         N/A       45%         2
 Lesser Beckoning         Tloc           0%         N/A       45%         2
 Momentum Strike          Conj/Tloc      0%         3d8       45%         2
 Confusing Touch          Hex            0%         N/A       69%         3
 Ignite Poison            Fire/Tmut/Pois 0%         N/A       69%         3
 Sigil of Binding         Hex            0%         N/A       69%         3
 Vampiric Draining        Necr           0%         2d6       69%         3
 Freezing Cloud           Conj/Ice/Air   0%         6-21      100%        5


Dungeon Overview and Level Annotations

Branches:
Dungeon (4/15)
 Temple: D:4-7

Altars:
Dithmenos
Xom


Innate Abilities, Weirdness & Mutations

You are a hulking beast.
Your limbs bulge with bestial killing power. (Slay +4)
You cannot wear most types of armour.
You are amphibious.
You can wear up to eight rings at the same time.
Your skin changes colour to match your surroundings (Stealth+).
Your rubbery body absorbs attacks. (AC +1, EV +1)
((You are camouflaged when in or above water. (Stealth+)))
You have tentacles for arms and can constrict up to eight enemies at once.


Message History

The gnoll bouda is severely wounded.
You constrict the gnoll bouda, but do no damage.
The gnoll bouda misses you.
You tentacle-slap the gnoll bouda but do no damage.
The gnoll bouda is severely wounded.
You constrict the gnoll bouda. The gnoll bouda barely misses you.
You tentacle-slap the gnoll bouda. You squeeze the gnoll bouda.
You kill the gnoll bouda!
You tentacle-slap the gnoll. You grab the gnoll. You squeeze the gnoll.
The gnoll is heavily wounded.
You constrict the gnoll, but do no damage.
The gnoll completely misses you.
You tentacle-slap the gnoll. You squeeze the gnoll.
The gnoll is almost dead.
You constrict the gnoll.
You kill the gnoll!
You bludgeon the gnoll! You grab the gnoll. You squeeze the gnoll.
You kill the gnoll!
You tentacle-slap the gnoll but do no damage.
You grab the gnoll. You squeeze the gnoll!
The gnoll is severely wounded.
You constrict the gnoll. The gnoll hits you with a +0 whip!
You tentacle-slap the gnoll.
You kill the gnoll!
The gnoll throws a throwing net.
The throwing net hits you.
You become entangled in the net!
Unknown command.
You are held in a net!
You are held in a net!
You are held in a net!
You struggle against the net.
The gnoll is no longer moving quickly.
The gnoll barely misses you.
The gnoll hits you from afar with a +0 halberd!
You struggle against the net.
The gnoll hits you from afar with a +0 halberd!
* * * LOW HITPOINT WARNING * * *
You tear a large gash into the net.
The gnoll hits you with a +0 whip.
* * * LOW HITPOINT WARNING * * *
The gnoll hits you from afar with a +0 halberd.
You die...

##
##.....).#####.....#
##.... ## ##.....##
##.... ##... .#
##...## #... ##.[ .##
##...## #. ##. ..##
#.....## ## ##.##
#...(..# ##
##.####..####g## #.
#......# ##g## ##.
##....## ##h### ##..
##.g.# ##..## ##...
##....# #...## ##..##
###.g...#
##...#######..###
........##
##.............#.
.........#
##.....#.....#..#.
#####....#
#.)....#.....#.#..
#....#
#...###.##....#...#..
#...## ...#.
#.......#..#...


You could see 2 gnolls.

Vanquished Creatures
  Grinder (D:3)
  An ogre (D:4)
  A scorpion (D:4)
  A gnoll bouda (D:4)
  An iguana (D:4)
  3 gnolls (D:4)
  6 adders
  4 worms (D:2)
  3 dart slugs
  2 orcs
  9 ball pythons
  9 endoplasms
  2 giant cockroaches
  10 goblins
  10 hobgoblins
  3 jackals (D:2)
  7 kobolds
  A quokka (D:1)
  5 bats
  4 frilled lizards
  9 rats
92 creatures vanquished.

Notes
Turn   | Place    | Note
-------+----------+-------------------------------------------
     0 | D:1      | Arzdou the Octopode Shapeshifter began the quest for the
                  | Orb.
     0 | D:1      | Reached XP level 1. HP: 13/13 MP: 1/1
    93 | D:1      | Reached XP level 2. HP: 18/18 MP: 2/2
   474 | D:1      | Reached XP level 3. HP: 17/23 MP: 3/3
   475 | D:1      | Reached skill level 4 in Shapeshifting
   986 | D:2      | Learned a level 2 spell: Blink
  1188 | D:2      | Reached XP level 4. HP: 28/28 MP: 4/4
  1584 | D:2      | Reached skill level 5 in Shapeshifting
  1801 | D:3      | Noticed Grinder
  1804 | D:3      | Found a shadowy altar of Dithmenos.
  1814 | D:3      | Paralysed by Grinder for 4 turns
  1826 | D:3      | Killed Grinder
  1827 | D:3      | Reached skill level 6 in Shapeshifting
  1827 | D:3      | Reached XP level 5. HP: 27/33 MP: 5/5
  1827 | D:3      | Reached XP level 6. HP: 31/38 MP: 6/6
  2149 | D:3      | Found a shimmering altar of Xom.
  2750 | D:4      | Reached skill level 7 in Shapeshifting
  2987 | D:4      | Reached XP level 7. HP: 45/45 MP: 7/7
  3032 | D:4      | Slain by a gnoll

Illustrated notes

Levels and vault maps discovered:
D:1:      ebering_hopf_link, layout_loops_ring, roderic_nine_men_s_morris
D:2:      minmay_razor_zed, layout_basic, grunt_decor_cap
D:3:      layout_loops_cross, mainiacjoe_overflow_alcove_4,
          mainiacjoe_overflow_concentric_impassable, hangedman_feature_mirror,
          uniq_grinder
D:4:      layout_layer_cave, hangedman_decor_peaks_small

Skill      XL: |  1  2  3  4  5  6 |
---------------+-------------------+-----
Shapeshifting  | 4 6 7 |  7.0
Fighting       | 2 |  2.4
Dodging        | |  2.0
Unarmed Combat | |  3.8

Action                     |  1- 3 |  4- 6 |  7- 9 || total
---------------------------+-------+-------+-------++-------
  Melee: Unarmed           |    66 |   112 |    12 ||   190
         Constrict         |    21 |    19 |     4 ||    44
         Tentacles         |    16 |    25 |     6 ||    47
         Punch             |     1 |     4 |       ||     5
    Use: Scroll            |       |     4 |       ||     4
         Potion            |       |     2 |       ||     2
   Stab: Sleeping          |     6 |     7 |       ||    13
 Armour: Skin              |    17 |    55 |     6 ||    78
  Dodge: Dodged            |    38 |    58 |     6 ||   102

Table legend: (Time is in decaauts)
 A = Elapsed time spent in this place.
 B = Non-inter-level travel time spent in this place.
 C = Inter-level travel time spent in this place.
 D = Time resting spent in this place.
 E = Time spent auto-exploring this place.
 F = Levels seen in this place.
 G = Mean time per level.
                   A        B        C        D        E       F      G
               +--------+--------+--------+--------+--------+-----+--------+
         Total |   3022 |   2917 |    105 |      0 |   2383 |   4 |  755.5 |
       Dungeon |   3022 |   2917 |    105 |      0 |   2383 |   4 |  755.5 |
               +--------+--------+--------+--------+--------+-----+--------+

Top non-repeatable levels by time:
     D:2: 1047 daAuts
     D:3: 708 daAuts
     D:1: 675 daAuts
     D:4: 590 daAuts
